 Dungeon Sprint DCSS version 0.24-a0-250-g6074511092 (webtiles) character file.

Game seed: 5539674521924958241

1225 Redear the Grappler (level 8, -11/87 HPs)
             Began as a Troll Fighter on Apr 15, 2019.
             Was the Champion of Cheibriados.
             Killed from afar by a deep elf mage (37 damage)
             ... with a bolt of fire
             ... in the Dungeon (Sprint VII: "The Pits").
             The game lasted 00:02:40 (322 turns).

Redear the Grappler (Troll Fighter)                  Turns: 322, Time: 00:02:40

Health: -11/87     AC:  6    Str: 40    XL:     8   Next: 23%
Magic:  12/12      EV: 16    Int: 21    God:    Cheibriados [******]
Gold:   0          SH: 13    Dex: 24    Spells: 7/7 levels left

rFire    . . .     SeeInvis .     - Unarmed
rCold    . . .     Gourm    +   b - +0 shield
rNeg     . . .     Faith    .   a - +0 robe
rPois    .         Spirit   .   (helmet restricted)
rElec    .         Reflect  .   (no cloak)
rCorr    .         Harm     .   (gloves unavailable)
MR       .....     NoTele   +   (boots unavailable)
Stlth    ++........             (no amulet)
HPRegen  0.64/turn              (no ring)
MPRegen  0.13/turn              (no ring)

@: very slow
A: large, unfitting armour, claws 3, fast metabolism 3, gourmand, regeneration
1, shaggy fur 1, tough skin 3
a: Bend Time, Temporal Distortion, Slouch, Step From Time, Renounce Religion


You were in the Dungeon.
You worshipped Cheibriados.
Cheibriados was exalted by your worship.
You were very full.

You visited 1 branch

Inventory:

Armour
 a - a +0 robe (worn)
 b - a +0 shield (worn)
Scrolls
 e - 5 scrolls of amnesia
 g - a scroll of summoning
 B - a scroll of blinking {@r4}
 N - 3 scrolls of remove curse
Potions
 c - a potion of might {Str+5 DMG+1d10 | @q3}
 d - 2 potions of invisibility
 f - 4 potions of heal wounds {@q1}
 h - 5 potions of magic
 i - 3 potions of berserk rage
 H - a potion of haste {@q5}
 Q - 6 potions of curing {@q2}
Comestibles
 z - 10 rations


   Skills:
 + Level 7.4 Fighting
 + Level 7.5 Dodging
 + Level 7.4 Shields
 + Level 8.6 Unarmed Combat
 + Level 6.7 Invocations


You had 7 spell levels left.
You didn't know any spells.
Your spell library was empty.

Dungeon Overview and Level Annotations

Branches:
Dungeon (1/1)

Altars:
Ashenzari
Cheibriados
Dithmenos
Elyvilon
Fedhas
Gozag
Hepliaklqana
Kikubaaqudgha
Makhleb
Nemelex Xobeh
Okawaru
Qazlal
Ru
Sif Muna
Trog
Uskayaw
Vehumet
Wu Jian
Xom
Yredelemnul
Zin
The Shining One
Beogh
Jiyva
Lugonu


Innate Abilities, Weirdness & Mutations

You are too large for most types of armour.
You have claws for hands.
Your metabolism is lightning-fast.
You like to eat raw meat.
Your natural rate of healing is unusually fast.
You are covered in fur. (AC +1)
You have extremely tough skin. (AC +3)


Message History

You block the fire elemental's attack.
Unknown command.
You scratch the fire elemental.
The fire elemental is moderately damaged.
The fire elemental hits you.
* * * LOW HITPOINT WARNING * * *
The fire elemental burns you!
* * * LOW HITPOINT WARNING * * *
You take 15 damage, and have 10/87 hp.
Unknown command.
You feel much better. You block the fire elemental's attack.
The fire elemental hits you. The fire elemental burns you!
* * * LOW HITPOINT WARNING * * *
You regained 16 hp, and now have 26/87 hp.
You scratch the fire elemental.
The fire elemental is moderately damaged.
The deep elf mage casts a spell at you.
The bolt of fire hits the fire elemental.
The fire elemental completely resists.
The bolt of fire hits you!!!
You die...

#(#........##.......#
#)###########.......#
#).#.#.##..##########
#.......#.######
##.#.#.##.#....#
#.......#'#....#
##.#.#.##°e°...+
#.......#E#○°.☼#
##.#.#..)@#○...#
###############


You could see a deep elf mage and a fire elemental.

Vanquished Creatures
  A black mamba (D)
  Menkaure (D)
  2 phantoms (D)
  A sky beast (D)
  A wolf (D)
  A big kobold (D)
  Blork the orc (D)
  2 wights (D)
  A crimson imp (D)
  A gnoll shaman (D)
  2 hounds (D)
  2 worker ants (D)
  5 gnolls (D)
  An orc (D)
  A bat (D)
  2 bat skeletons (D)
  A bat zombie (D)
  A goblin (D)
  3 jackals (D)
  A ball python skeleton (D)
  A frilled lizard (D)
32 creatures vanquished.

Notes
Turn   | Place    | Note
-------+----------+-------------------------------------------
     0 | D        | Redear the Troll Fighter began the quest for the Orb.
     0 | D        | Reached XP level 1. HP: 22/22 MP: 0/0
    44 | D        | Found a bloodstained altar of Trog.
    44 | D        | Found a deep blue altar of Sif Muna.
    44 | D        | Found a viscous altar of Jiyva.
    44 | D        | Found a hazy altar of Hepliaklqana.
    44 | D        | Found an opulent altar of Gozag.
    45 | D        | Found a glowing golden altar of the Shining One.
    45 | D        | Found a glowing silver altar of Zin.
    45 | D        | Found a basalt altar of Yredelemnul.
    45 | D        | Found a shimmering altar of Xom.
    45 | D        | Found an ornate altar of the Wu Jian Council.
    45 | D        | Found a sacrificial altar of Ru.
    45 | D        | Found a stormy altar of Qazlal.
    45 | D        | Found an iron altar of Okawaru.
    45 | D        | Found a sparkling altar of Nemelex Xobeh.
    45 | D        | Found a burning altar of Makhleb.
    45 | D        | Found a blossoming altar of Fedhas.
    45 | D        | Found a white marble altar of Elyvilon.
    45 | D        | Found a shadowy altar of Dithmenos.
    45 | D        | Found a snail-covered altar of Cheibriados.
    48 | D        | Found a corrupted altar of Lugonu.
    48 | D        | Found a radiant altar of Vehumet.
    48 | D        | Found a roughly hewn altar of Beogh.
    49 | D        | Found an ancient bone altar of Kikubaaqudgha.
    49 | D        | Found a hide-covered altar of Uskayaw.
    49 | D        | Found a shattered altar of Ashenzari.
    56 | D        | Became a worshipper of Cheibriados the Contemplative
    69 | D        | Noticed a worker ant
    74 | D        | Killed a worker ant
    74 | D        | Reached * piety under Cheibriados
    74 | D        | Reached skill level 3 in Fighting
    74 | D        | Reached skill level 3 in Dodging
    74 | D        | Reached skill level 3 in Shields
    74 | D        | Reached skill level 3 in Unarmed Combat
    74 | D        | Reached XP level 2. HP: 27/31 MP: 1/1
    83 | D        | Reached ** piety under Cheibriados
    85 | D        | Reached XP level 3. HP: 35/37 MP: 2/2
    86 | D        | Reached *** piety under Cheibriados
    90 | D        | Reached **** piety under Cheibriados
   102 | D        | Reached skill level 4 in Unarmed Combat
   103 | D        | Reached ***** piety under Cheibriados
   147 | D        | Noticed a wolf
   147 | D        | Noticed Blork the orc
   147 | D        | Noticed a phantom
   148 | D        | Noticed a big kobold
   150 | D        | Reached skill level 4 in Fighting
   150 | D        | Reached skill level 4 in Dodging
   150 | D        | Reached skill level 4 in Shields
   150 | D        | Reached XP level 4. HP: 48/48 MP: 3/3
   157 | D        | Reached skill level 1 in Invocations
   161 | D        | Killed a wolf
   161 | D        | Reached skill level 5 in Unarmed Combat
   161 | D        | Reached skill level 2 in Invocations
   161 | D        | Reached XP level 5. HP: 42/55 MP: 3/6
   164 | D        | Reached skill level 5 in Dodging
   164 | D        | Reached skill level 5 in Shields
   164 | D        | Reached skill level 3 in Invocations
   167 | D        | Reached ****** piety under Cheibriados
   167 | D        | Reached skill level 5 in Fighting
   172 | D        | Killed Blork the orc
   172 | D        | Reached skill level 6 in Unarmed Combat
   172 | D        | Reached XP level 6. HP: 23/66 MP: 4/7
   176 | D        | Reached skill level 4 in Invocations
   198 | D        | Reached skill level 6 in Fighting
   198 | D        | Reached skill level 6 in Dodging
   198 | D        | Reached skill level 6 in Shields
   198 | D        | Reached skill level 7 in Unarmed Combat
   198 | D        | Reached skill level 5 in Invocations
   262 | D        | Noticed Menkaure
   266 | D        | Killed Menkaure
   266 | D        | Reached XP level 7. HP: 76/76 MP: 8/10
   267 | D        | Noticed a black mamba
   272 | D        | Killed a black mamba
   272 | D        | Reached skill level 7 in Fighting
   272 | D        | Reached skill level 7 in Dodging
   272 | D        | Reached skill level 7 in Shields
   272 | D        | Reached skill level 8 in Unarmed Combat
   272 | D        | Reached skill level 6 in Invocations
   282 | D        | Reached XP level 8. HP: 82/87 MP: 11/11
   292 | D        | Noticed a deep elf mage
   322 | D        | Killed from afar by a deep elf mage

Levels and vault maps discovered:
D:        pitsprint [storerooms_1, entrance_room_1, metal_vault_7, armoury_1,
          mini_pit_1, grid_room_1, main_hall_1, silver_pit, the_coven_1,
          the_vestibule_1, steel_vault_5, golden_pit, hallway_of_sentries,
          crystal_vault_4, iron_vault_1, final_vault]

Skill      XL: |  1  2  3  4  5  6  7 |
---------------+----------------------+-----
Fighting       | 3 4 5 6 7 |  7.4
Dodging        | 3 4 5 6 7 |  7.5
Shields        | 3 4 5 6 7 |  7.4
Unarmed Combat | 3 4 5 6 7 8 |  8.6
Invocations    | 2 3 5 6 |  6.7

Action                   |  1- 3 |  4- 6 |  7- 9 || total
-------------------------+-------+-------+-------++-------
Melee: Unarmed           |    32 |    42 |    36 ||   110
  Use: Potion            |       |     1 |     1 ||     2
 Stab: Sleeping          |       |       |     1 ||     1
  Eat: Chunk             |       |     6 |       ||     6
Armor: Robe              |    24 |     6 |    10 ||    40
Dodge: Dodged            |    22 |    17 |    14 ||    53
Block: Shield            |    30 |    29 |    28 ||    87

Table legend:
 A = Non-vault XP
 B = Vault XP
 C = Vault XP percentage of total XP
 D = Non-vault monster count
 E = Vault monster count
 F = Vault count percentage of total count
                 A         B        C        D         E       F
            +---------+---------+-------+---------+---------+-------
      Total |       0 |    1751 | 100.0 |       0 |      32 | 100.0
            +---------+---------+-------+---------+---------+-------
          D |       0 |    1751 | 100.0 |       0 |      32 | 100.0
            +---------+---------+-------+---------+---------+-------
